 Dungeon Crawl Stone Soup version 0.30-a0-743-gbfdf073431 (console) character file.

Game seed: 9593940742820577442

1638 rlgrobin the Summoner (level 8, 0/52 HPs)
             Began as a Demonspawn Summoner on Feb 6, 2023.
             Was a Believer of Sif Muna.
             Slain by a wolf (8 damage)
             ... summoned by the player character
             ... on level 6 of the Dungeon.
             The game lasted 00:13:13 (5480 turns).

rlgrobin the Summoner (Demonspawn Summoner)         Turns: 5480, Time: 00:13:13

Health: 0/52       AC: 10    Str:  9    XL:     8   Next: 66%
Magic:  19/19      EV: 28    Int: 18    God:    Sif Muna [**....]
Gold:   367        SH:  4    Dex: 24    Spells: 11/21 levels left

rFire   . . .      SeeInvis .    a - +2 spear (venom)
rCold   . . .      Faith    .    C - orb {mayhem}
rNeg    . . .      Spirit   .    g - +0 robe
rPois   .          Reflect  .    (no helmet)
rElec   .          Harm     .    (no cloak)
rCorr   .          Rampage  .    (no gloves)
Will    .....                    (no boots)
Stlth   +++                      m - amulet of the acrobat
HPRegen 0.28/turn                q - +6 ring of dexterity
MPRegen 0.16/turn                B - ring of the Trout {AC+4 Dex+2}

@: acrobatic
A: hooves 1, thin skeletal structure 1, icemail 1, condensation shield
a: Renounce Religion, Channel Magic


You were on level 6 of the Dungeon.
You worshipped Sif Muna.
Sif Muna was pleased with you.
You visited 1 branch of the dungeon, and saw 6 of its levels.

You collected 367 gold pieces.

Inventory:

Hand Weapons
 a - a +2 spear of venom (weapon)
 t - a +1 dagger of draining
Armour
 g - a +0 robe (worn)
 C - an orb of mayhem (worn)
Jewellery
 m - an amulet of the acrobat (around neck)
 q - a +6 ring of dexterity (left hand)
 B - the ring of the Trout (right hand) {AC+4 Dex+2}
   (You found it on level 5 of the Dungeon)

   [ring of protection]

   AC:        It affects your AC (+4).
   Dex:       It affects your dexterity (+2).
Wands
 v - a wand of flame (9)
Scrolls
 c - 3 scrolls of teleportation {unknown}
 n - 3 scrolls of torment {unknown}
 o - 2 scrolls of noise {unknown}
 p - a scroll of fog {unknown}
 r - a scroll of immolation {unknown}
 s - a scroll of vulnerability {unknown}
 u - 7 scrolls of identify {unknown}
 y - a scroll of amnesia {unknown}
 z - a scroll of enchant weapon {unknown}
 A - 2 scrolls of brand weapon {unknown}
 D - a scroll of enchant armour {unknown}
Potions
 b - a potion of magic
 d - 2 potions of lignification {unknown}
 e - 5 potions of curing
 f - 3 potions of invisibility {unknown}
 h - 2 potions of might {unknown}
 i - a potion of brilliance {unknown}
 j - a potion of haste {unknown}
 k - 2 potions of cancellation {unknown}
 l - a potion of attraction {unknown}
 w - a potion of berserk rage {unknown}
 x - a potion of mutation {unknown}


   Skills:
 - Level 1.7 Dodging
 - Level 1.7 Stealth
 + Level 7.4 Spellcasting
 - Level 8.0 Summonings
 + Level 3.0 Air Magic


You had 11 spell levels left.
You knew the following spells:

 Your Spells              Type           Power      Damage    Failure   Level
a - Call Canine Familiar  Summ           35%        N/A       1%          3
b - Call Imp              Summ           35%        N/A       1%          2
c - Summon Small Mammal   Summ           100%       N/A       1%          1
d - Summon Lightning Spi  Summ/Air       26%        N/A       11%         4

Your spell library contained the following spells:

 Spells                   Type           Power      Damage    Failure   Level
 Summon Guardian Golem    Hex/Summ       21%        N/A       6%          3
 Swiftness                Air            17%        N/A       9%          3
 Freeze                   Ice            24%        1d4       11%         1
 Ensorcelled Hibernation  Hex/Ice        12%        N/A       16%         2
 Passwall                 Tmut/Erth      5%         N/A       16%         2
 Frozen Ramparts          Ice            12%        1d2       30%         3
 Hailstorm                Conj/Ice       6%         3d4       30%         3
 Chain Lightning          Conj/Air       6%         3d8       100%        9
 Fire Storm               Conj/Fire      3%         8d1       100%        9
 Shatter                  Erth           3%         3d7*      100%        9


Dungeon Overview and Level Annotations

Branches:
Dungeon (6/15)             Temple (0/1) D:4

Altars:
Fedhas
Sif Muna
Yredelemnul


Innate Abilities, Weirdness & Mutations

You have large cloven feet.
You have a somewhat thin skeletal structure. (Dex +2, Stealth+)
A meltable icy envelope protects you from harm. (AC +4)
A meltable shield of frost defends you. (SH +4)


Message History

The scorpion completely misses you. x2
You hit the scorpion.
The scorpion is poisoned.
You kick the scorpion, but do no damage.
The scorpion is lightly wounded.
The scorpion stings you.
You are poisoned.
The scorpion poisons you!
Your wolf bites the scorpion!
You hit the scorpion.
The scorpion looks as sick as possible!
You kick the scorpion, but do no damage.
The scorpion is almost dead.
You feel very sick.
You kill the scorpion!
Sif Muna accepts your kill.
The wolf flies into a frenzy!
The wolf bites you. The wolf bites you but does no damage.
Your Air Magic skill increases to level 3!
You feel sick. The wolf bites you but does no damage.
The wolf closely misses you.
You see here a scorpion corpse.
You feel sick. The wolf completely misses you. The wolf misses you.
You block the wolf's attack.
You feel sick. You block the wolf's attack.
The wolf bites you but does no damage.
You feel sick. The wolf closely misses you. The wolf completely misses you.
The wolf bites you but does no damage.
You feel sick. The wolf bites you. The wolf completely misses you. x2
You feel sick. The wolf misses you.
You feel sick. The wolf bites you! The wolf completely misses you.
The wolf attacks as you move away! The wolf completely misses you.
You feel sick.
You are no longer poisoned.
The wolf bites you.
* * * LOW HITPOINT WARNING * * *
You block the wolf's attack. The wolf bites you!
* * * LOW HITPOINT WARNING * * *
The wolf misses you. x2
The wolf completely misses you. The wolf attacks as you move away!
You block the wolf's attack. The wolf bites you!
You die...

#........# #...
#........# #...
#.....<..# ##+#...
#.###.######...... .
#.....<#......
#######......#......
......)......#....##
#######.....†#....#
#@h.............#
#.#########.....##
#.#########.#+#.#.
#.....5.......#.#.
###########.###.#.
?..s .# #.##.# #. .#
#. #


You could see a neutral wolf (summoned, fast, strong, insane).

Vanquished Creatures
  Grinder (D:4)
  An ice beast (D:6)
  A kobold brigand (D:5)
  3 scorpions
  A howler monkey (D:4)
  A jelly (D:4)
  2 orc priests (D:3)
  2 orc wizards (D:4)
  2 gnolls (D:3)
  5 adders
  A white imp (D:5)
  An ufetubus (D:5)
  A worm (D:4)
  2 dart slugs (D:4)
  4 orcs (D:4)
  4 bats
  10 giant cockroaches (D:3)
  5 goblins
  3 hobgoblins
  3 quokkas (D:3)
  3 ball pythons
  3 frilled lizards
  4 kobolds
  4 rats
67 creatures vanquished.

Vanquished Creatures (collateral kills)
  Sigmund (D:4)
  A sky beast (D:4)
  An ogre (D:4)
  A necrophage (D:3)
  A scorpion (D:5)
  2 orc priests
  A hound (D:4)
  2 iguanas
  3 orc wizards
  5 gnolls
  5 adders
  7 orcs (D:4)
  3 endoplasms
  A giant cockroach (D:1)
  A goblin (D:1)
  4 hobgoblins
  A jackal (D:2)
  A quokka (D:4)
  3 kobolds
  A rat (D:1)
45 creatures vanquished.

Grand Total: 112 creatures vanquished

Notes
Turn   | Place    | Note
-------+----------+-------------------------------------------
     0 | D:1      | rlgrobin the Demonspawn Summoner began the quest for the
                  | Orb.
     0 | D:1      | Reached XP level 1. HP: 13/13 MP: 3/3
   568 | D:1      | Gained mutation: A meltable shield of frost defends you.
                  | (SH +4) [demonic ancestry]
   568 | D:1      | Reached XP level 2. HP: 17/19 MP: 3/5
   741 | D:1      | Found a faded altar of an unknown god.
   769 | D:1      | Learned a level 2 spell: Call Imp
  1328 | D:2      | Reached XP level 3. HP: 23/24 MP: 7/7
  1596 | D:2      | Learned a level 3 spell: Call Canine Familiar
  2420 | D:3      | Found a shimmering blue altar of Sif Muna.
  2432 | D:3      | Noticed a necrophage
  2453 | D:3      | Killed a necrophage
  2454 | D:3      | Reached skill level 5 in Summonings
  2454 | D:3      | Reached XP level 4. HP: 30/30 MP: 2/9
  2738 | D:3      | Became a worshipper of Sif Muna the Loreminder
  2829 | D:3      | Gained mutation: A meltable icy envelope protects you from
                  | harm. (AC +4) [demonic ancestry]
  2829 | D:3      | Reached XP level 5. HP: 32/35 MP: 10/10
  3160 | D:3      | Reached XP level 6. HP: 38/41 MP: 3/12
  3403 | D:3      | Reached skill level 6 in Summonings
  3686 | D:4      | Reached * piety under Sif Muna
  3747 | D:4      | Found a basalt altar of Yredelemnul.
  3910 | D:4      | Reached skill level 5 in Spellcasting
  3940 | D:4      | Gained mutation: You have large cloven feet. [demonic
                  | ancestry]
  3940 | D:4      | Reached XP level 7. HP: 46/46 MP: 10/14
  4086 | D:4      | Reached skill level 7 in Summonings
  4087 | D:4      | Found a staircase to the Ecumenical Temple.
  4140 | D:4      | Noticed Sigmund
  4164 | D:4      | Killed Sigmund
  4187 | D:4      | Noticed Grinder
  4239 | D:4      | Killed Grinder
  4240 | D:4      | Gained mutation: You have a somewhat thin skeletal
                  | structure. (Dex +2, Stealth+) [demonic ancestry]
  4240 | D:4      | Reached XP level 8. HP: 47/52 MP: 7/17
  4424 | D:4      | Reached skill level 8 in Summonings
  4580 | D:4      | Learned a level 4 spell: Summon Lightning Spire
  4847 | D:5      | Entered Level 5 of the Dungeon
  4908 | D:5      | Reached skill level 1 in Air Magic
  4966 | D:5      | Found a blossoming altar of Fedhas.
  4998 | D:5      | Identified the ring of the Trout {AC+4 Dex+2}
  5034 | D:5      | Reached ** piety under Sif Muna
  5480 | D:6      | Slain by a wolf

Illustrated notes

Levels and vault maps discovered:
D:1:      lightli_arrival_quake, layout_loops_ring, serial_co_window_serial,
          co_window_paths_a, co_window_paths_b, co_window_paths_a,
          co_window_of_opportunity_a, co_window_paths_b, co_window_corner_b,
          co_window_paths_c, co_window_corner_cb, co_window_unsneaky_path_a,
          co_window_cross_3, glass_columns_a, glass_columns_c, glass_columns_a,
          glass_columns_b, glass_columns_b, dreamdust_ecumenical_altar_grove,
          st_stairs_13, minivault_24, grunt_decor_cap, reono_crystal_passage,
          corexii_hall_statues_i
D:2:      layout_loops_ring, palyth_stone_intersect, minmay_pentomino_p2
D:3:      minmay_roachtagon, layout_basic, mainiacjoe_overflow_catwalk,
          hangedman_decor_points, kennysheep_orc_chapel
D:4:      layout_loops_ring, amcnicky_altar_gilded,
          minmay_temple_entry_nine_rooms, feat_on_display, uniq_grinder,
          uniq_sigmund
D:5:      layout_rooms, fedhas_altar_1
D:6:      layout_basic, chequers_serial_rivers_micro_c

Skill      XL: |  1  2  3  4  5  6  7  8 |
---------------+-------------------------+-----
Spellcasting   | 3 4 5 6 7 |  7.4
Summonings     | 5 6 7 8 |  8.0
Air Magic      | 3 |  3.0
Dodging        | |  1.7
Stealth        | |  1.7

Action                     |  1- 3 |  4- 6 |  7- 9 || total
---------------------------+-------+-------+-------++-------
  Melee: Unarmed           |     6 |       |       ||     6
         Hand axe          |     6 |       |       ||     6
         Dagger            |    24 |       |       ||    24
         Spear             |    15 |    73 |    70 ||   158
         Punch             |       |     4 |     1 ||     5
         Kick              |       |       |    16 ||    16
   Cast: Summon Small Mamm |    27 |     1 |       ||    28
         Call Imp          |    10 |    10 |     5 ||    25
         Call Canine Famil |       |     7 |    18 ||    25
    Use: Potion            |     1 |     2 |       ||     3
   Stab: Sleeping          |     4 |     5 |     1 ||    10
         Distracted        |       |       |     1 ||     1
 Armour: Robe              |    12 |    12 |    21 ||    45
  Dodge: Dodged            |    44 |    36 |    87 ||   167
  Block: Other             |    10 |    12 |    11 ||    33
         Orb               |       |       |    10 ||    10

Table legend: (Time is in decaauts)
 A = Elapsed time spent in this place.
 B = Non-inter-level travel time spent in this place.
 C = Inter-level travel time spent in this place.
 D = Time resting spent in this place.
 E = Time spent auto-exploring this place.
 F = Levels seen in this place.
 G = Mean time per level.
                   A        B        C        D        E       F      G
               +--------+--------+--------+--------+--------+-----+--------+
         Total |   5496 |   5355 |    141 |    499 |   3709 |   6 |  916.0 |
       Dungeon |   5496 |   5355 |    141 |    499 |   3709 |   6 |  916.0 |
               +--------+--------+--------+--------+--------+-----+--------+

Top non-repeatable levels by time:
     D:3: 1699 daAuts
     D:4: 1293 daAuts
     D:1: 1175 daAuts
     D:2: 692 daAuts
     D:5: 496 daAuts
     D:6: 139 daAuts
